Map: Temple gelé

Players

zidar

  • Race: Zerg Zerg
  • League: Gold
  • Spawn Location: 11:00

Synkk - Winner!

  • Race: Terran Terran
  • League: Silver
  • Spawn Location: 5:00

VOD

Have the link to the VOD?

Description

Time

  • Played on: May 18, 2016, 3:14 p.m.
  • Length: 4:46
Show
View Real Time Build Order
Export as new Build Order

zidar Zerg 

Build Orders: Pool First 

Get SALT Encoding   

  12  0:02  Drone  
  13  0:13  Overlord  
  13  0:20  Drone  
  14  0:32  Drone x2  
  14  0:34  Drone  
  17  0:57  Spawning Pool, Drone  
  17  1:14  Hatchery  
  17  1:15  Drone  
  17  1:19  Extractor  
  17  1:21  Drone  
  17  1:27  Drone  
  18  1:43  Drone  
  18  1:44  Queen  
  18  1:46  Drone  
  21  2:20  Zergling x2  
  22  2:23  Overlord x2  
  22  2:25  Queen  
  24  2:56  Zergling x12  
  30  3:00  Metabolic Boost  
  30  3:07  Baneling Nest  
  25  3:39  Zergling x18  
  23  4:05  Zergling x2  
  23  4:06  Zergling x10  
  21  4:22  Zergling x2  
  21  4:23  Zergling x2  
Show
View Real Time Build Order
Export as new Build Order

Synkk Terran - Winner!

Build Orders:  

Get SALT Encoding   

  12  0:00  SCV  
  13  0:13  SCV  
  14  0:25  SCV  
  14  0:26  Supply Depot  
  15  0:48  Barracks  
  15  0:55  Barracks  
  15  1:16  Supply Depot  
  15  1:18  SCV  
  16  1:34  Barracks  
  16  1:38  Barracks  
  16  1:43  Marine  
  17  1:47  Marine  
  18  2:00  Refinery  
  18  2:01  Marine  
  19  2:15  Marine  
  20  2:18  Marine  
  20  2:21  Supply Depot  
  21  2:22  Marine  
  21  2:25  Marine  
  23  2:33  Marine  
  23  2:36  Marine  
  24  2:44  Supply Depot  
  24  2:51  Marine  
  24  2:53  Marine  
  24  2:54  Marine x2  
  27  3:09  Marine  
  27  3:11  Marine  
  27  3:12  Marine x2  
  31  3:29  Marine  
  31  3:30  Marine  
  32  3:38  Marine x2  
  33  3:47  Marine x2  
  35  3:56  Marine x2  
  33  4:04  Marine  
  33  4:05  Marine  
  34  4:14  Marine x2  
  36  4:22  Marine  
  36  4:23  Marine  
Tags
 
Matchup
TvZ
Opening
Pool First
Spawn Locations
Cross Positions
Add a new tag
Caveats
  • Supply blocks, unpowered buildings, or Contaminate may cause inaccurate times.
  • Supply counts are checked every 10 seconds.